 Dungeon Crawl Stone Soup version 0.18-a0-1589-g520a787 (webtiles) character file.

420 Arkorax the Skirmisher (level 6, -1/58 HPs)
             Began as a Draconian Wanderer on Mar 19, 2016.
             Was an Initiate of Gozag.
             Slain by Edmund
             ... wielding a +0 dire flail
              (3 damage)
             ... on level 3 of the Dungeon.
             The game lasted 00:04:48 (3691 turns).

Arkorax the Skirmisher (Draconian Wanderer)         Turns: 3691, Time: 00:04:48

Health: -1/58      AC:  9    Str: 19    XL:     6   Next: 62%
Magic:  7/7        EV: 16    Int: 13    God:    Gozag
Gold:   301        SH:  0    Dex: 17    Spells: 0 memorised, 5 levels left

rFire  + . .     SeeInvis .     c - +0 hand axe
rCold  + . .     Gourm    .     (armour unavailable)
rNeg   . . .     Faith    .     (no shield)
rPois  +         Spirit   .     (helmet restricted)
rElec  +         Dismiss  .     (no cloak)
rCorr  +         Reflect  .     (no gloves)
SustAt .         Harm     .     m - +2 pair of boots
MR     .....     Rnd*Tele +     (no amulet)
Stlth  +++.......               (no ring)
                                i - ring of teleportation (curse)

@: mighty, agile, resistant, very slightly contaminated, hasted, invisible, very
quick, not resistant to hostile enchantments, fairly stealthy
A: unfitting armour, cold-blooded, AC +6
a: Potion Petition, Call Merchant, Bribe Branch, Renounce Religion


You were on level 3 of the Dungeon.
You worshipped Gozag.
Gozag was noncommittal.
You were hungry.

You visited 1 branch of the dungeon, and saw 4 of its levels.

You collected 338 gold pieces.
You paid 37 gold pieces to Gozag.

Inventory:

Hand Weapons
 a - a +2 shortbow
 c - a +0 hand axe (weapon)
Missiles
 b - 11 arrows
Armour
 m - a +2 pair of boots (worn)
Jewellery
 i - a cursed ring of teleportation (left hand)
Scrolls
 d - a scroll of immolation {unknown}
 e - 2 scrolls of identify {unknown}
 g - 3 scrolls of teleportation {unknown}
Comestibles
 f - 2 bread rations
 h - a meat ration
 j - a beef jerky
 k - a slice of pizza


   Skills:
 + Level 6.7 Fighting
 * Level 4.0 Axes
 - Level 4.3 Bows
   Level 2.0 Evocations


You had 5 spell levels left.
You didn't know any spells.

Dungeon Overview and Level Annotations

Branches:
Dungeon (4/15)
 Temple: D:4-7

Altars:
Gozag
Kikubaaqudgha
Sif Muna

Annotations:
D:3 Edmund


Innate Abilities, Weirdness & Mutations

Your plain brown scales are hard (AC +6).
Your body does not fit into most forms of armour.
You are cold-blooded and may be slowed by cold attacks.


Message History

You are too injured to fight recklessly!
You are too injured to fight recklessly!
You are too injured to fight recklessly!
Edmund hits you with a dire flail.
* * * LOW HITPOINT WARNING * * *
[a] - 0 gold - haste, flight, invisibility and agility [b] - 0 gold - haste and brilliance [c] - 0 gold - resistance, might, agility and invisibility Purchase which effect?
You feel protected.
You feel very mighty all of a sudden.
You feel agile all of a sudden.
You fade into invisibility!
Edmund hits you with a dire flail.
* * * LOW HITPOINT WARNING * * *
You are very lightly contaminated with residual magic.
Unknown command.
Drink which item? (? for menu, Esc to quit)
It was a potion of haste.
You feel yourself speed up. Edmund hits you with a dire flail.
You die...
Your body crumbles into a pile of gold.

#.#####>..........#
#.###############.#
#.............# #.#
#############.# #.#
#.# #.###### #.#
#......# #.#
######.# #.# #.#
#@# #.# #@# #.#
#.########.#
#>.........#
##########.# ###


You could see Edmund.

Vanquished Creatures
  A hippogriff (D:3)
  The ghost of onwiheg the Cutter, an amateur DgEn (D:3)
  An orc wizard (D:4)
  Ijyb (D:2)
  7 adders
  4 oozes
  2 dart slugs
  3 giant geckos
  11 orcs
  2 ball pythons (D:3)
  A bat zombie (D:3)
  3 giant cockroaches
  7 hobgoblins
  A quokka (D:2)
  5 bats
  7 giant newts
  12 goblins
  5 kobolds
  4 rats
  4 rat zombies (D:3)
82 creatures vanquished.

Notes
Turn   | Place    | Note
--------------------------------------------------------------
     0 | D:1      | Arkorax the Draconian Wanderer began the quest for the Orb.
     0 | D:1      | Arkorax set off with: a +2 shortbow, 24 arrows, a +0 hand axe, a potion of lignification, a bread ration
     0 | D:1      | Reached XP level 1. HP: 22/22 MP: 2/2
   243 | D:1      | Reached XP level 2. HP: 28/28 MP: 3/3
   412 | D:1      | Reached skill level 5 in Fighting
   548 | D:1      | Reached XP level 3. HP: 34/36 MP: 4/4
  1024 | D:2      | Found a deep blue altar of Sif Muna.
  1236 | D:2      | Noticed Ijyb
  1253 | D:2      | Killed Ijyb
  1253 | D:2      | Reached XP level 4. HP: 37/42 MP: 5/5
  1529 | D:3      | Reached skill level 1 in Axes
  1956 | D:3      | Noticed onwiheg's ghost (amateur DgEn)
  2012 | D:3      | Killed onwiheg's ghost
  2012 | D:3      | Reached skill level 6 in Fighting
  2012 | D:3      | Reached XP level 5. HP: 48/50 MP: 6/6
  2175 | D:3      | Found an opulent altar of Gozag.
  2240 | D:3      | Became a worshipper of Gozag Ym Sagoz the Greedy
  2572 | D:3      | Noticed a hippogriff
  2594 | D:3      | Killed a hippogriff
  2594 | D:3      | Reached XP level 6. HP: 14/58 MP: 7/7
  2959 | D:3      | Found an ancient bone altar of Kikubaaqudgha.
  3632 | D:4      | Noticed Edmund
  3690 | D:3      | HP: 2/58 [Edmund/dire flail (5)]
  3691 | D:3      | Slain by Edmund

Vault maps used:
D:1:      erik_arrival_gehennom
D:2:      marbit_many_paths, uniq_iyjb
D:3:      nicolae_overflow_crystal_walls, lemuel_zombie_altar_kikubaaqudgha
D:4:      overflow_temple_1_default, fedhas_bush_and_centaur_altar, uniq_edmund

Skill      XL: |  1  2  3  4  5  6 |
---------------+-------------------+-----
Fighting       | 5 6 |  6.7
Bows           | 4 |  4.3
Axes           | 2 3 4 |  4.0
Evocations     | |  2.0

Action                   |  1- 3 |  4- 6 || total
-------------------------+-------+-------++-------
Melee: Hand axe          |     4 |   196 ||   200
 Fire: Shortbow          |    96 |       ||    96
Invok: Potion Petition   |       |     1 ||     1
  Use: Potion            |     1 |     2 ||     3
 Stab: Sleeping          |       |     3 ||     3
  Eat: Chunk             |       |     4 ||     4
       Bread ration      |       |     1 ||     1
